Description

On maps where you have a safe natural covered by rocks, this build is optimized to get mining and upgraded as quickly as possible. By 23:30, you should be able to get 3 Medivac Platforms, 2 outlaw tech buildings, all Engineering Bay upgrades, and 5 outlaws with full gear.

VOD

https://www.youtube.com/watch?v=l0McvcRm_2A

Replay - Oblivion_Express_Speedrun_Protoss_402

Build Order

Get SALT Encoding   

  12  0:02  SCV  
  13  0:18  SCV  
  14  0:36  SCV  Rally to the natural
  15  0:52  SCV  
  16  1:10  SCV  
  17  1:12  Command Center  Next to the rocks at the natural
  17  1:26  SCV  
  18  1:28  Refinery  Leave at 1 SCV when done
  18  1:43  SCV  
  19  1:45  Refinery  Leave at 1 SCV when done
  19  2:00  SCV  Rally into gas
  20  2:02  Engineering Bay  
  20  2:17  SCV  Rally into gas
  21  2:34  SCV  Rally into gas
  22  2:51  SCV  Really into gas, continue making SCVs
  23  2:52  Auto-Turret x2, SCV  At the natural to destroy the rocks, From the natural, continue making SCVs
  23  3:01  Tychus  Send him to destroy the rocks
  23  2:58  Outlaw Weapons Level 1  
  27  3:27  Gunslingers Hideout  
  29  3:50  Action  Salvage both turrets when rocks are down
  30  4:00  Crooked Sam  
  41  4:10  Engineering Bay  
  45  4:33  Refinery x2  
Spawning Tool Build Advisor. Get it on Overwolf

Analysis

See the video for exact SCV positioning and usage in this opening.

There are a few variations depending on how quickly you want to get gas and the natural expansion. Since Tychus is more mineral-heavy, this build slowly trickles in the gas and uses early Auto-Turrets to help Tychus take down the natural

Go to:

Details

  • Created by: StoicLoofah
  • Published on: Oct 31, 2018
  • Modified on: Oct 31, 2018
  • Patch: 4.0.0
Show
View Real Time Build Order
Export as new Build Order

Comments (0)

There are no comments. Be the first!

Create an account to comment!